Map: Ruins of Seras

Players

ByuN

  • Race: Terran Terran

Soulkey - Winner!

  • Race: Zerg Zerg

Event: IEM Season 10 - Taipei

VOD

https://www.youtube.com/watch?v=gidXnn4GWos

Description

Time

  • Played on: Feb. 1, 2016, 9:32 p.m.
  • Length: 21:26

All games in this series

Show
View Real Time Build Order
Export as new Build Order

ByuN Terran 

Build Orders: Liberator Opening, Reaper Expand, Bio Mine 

Get SALT Encoding   

  12  0:00  SCV  
  13  0:12  SCV  
  14  0:17  Supply Depot  
  14  0:25  SCV  
  15  0:39  SCV  
  15  0:40  Barracks  
  16  0:45  Refinery  
  16  0:51  SCV  
  17  1:03  SCV  
  18  1:15  SCV  
  19  1:28  Orbital Command, Reaper  
  20  1:42  Command Center  
  20  1:49  Supply Depot  
  20  1:54  SCV  
  21  2:00  Marine  
  22  2:06  Factory  
  22  2:09  SCV  
  23  2:16  Refinery  
  23  2:21  SCV  
  23  2:22  Barracks Reactor  
  24  2:33  SCV  
  25  2:46  SCV  
  25  2:51  Starport  
  26  2:53  Orbital Command  
  26  2:58  SCV  
  27  3:02  Hellion x2  
  31  3:08  Barracks Tech Lab  
  31  3:10  SCV  
  32  3:15  Supply Depot  
  32  3:23  Hellion x2  
  36  3:28  SCV x2  
  36  3:30  Medivac  
  40  3:42  SCV x2  
  40  3:44  Liberator, Supply Depot  
  40  3:46  Hellion  
  40  3:47  Hellion  
  45  3:49  Marine  
  45  3:54  SCV x2  
  48  4:00  Stimpack  
  51  4:09  SCV x2  
  54  4:12  Hellion  
  54  4:13  Hellion  
  57  4:21  Marine, SCV x2  
  60  4:25  Supply Depot  
  58  4:34  Hellion x2  
  58  4:36  SCV x2  
  50  4:48  SCV  
  46  4:53  Liberator  
  46  4:56  Marine  
  46  4:59  Hellion x2  
  51  5:04  SCV x2  
  53  5:14  Marine  
  57  5:16  SCV x2  
  59  5:23  Supply Depot  
  55  5:28  SCV x2  
  56  5:40  SCV  
  56  5:41  SCV  
  58  5:46  Hellion x2  
  61  5:53  Supply Depot, SCV  
  61  5:54  Supply Depot  
  62  6:01  Starport Reactor  
  62  6:04  Command Center  
  62  6:08  Supply Depot  
  62  6:13  Supply Depot  
  62  6:14  Marine, SCV x2  
  62  6:17  Hellion x2  
  66  6:27  SCV x2  
  66  6:32  Marine  
  69  6:37  Bunker  
  69  6:46  Starport Reactor, Barracks  
  69  6:48  Barracks  
  69  6:49  SCV x2  
  69  6:53  Engineering Bay  
  69  6:54  Refinery x2, Marine  
  69  6:55  Engineering Bay  
  69  6:57  Hellion  
  69  6:58  Hellion  
  74  7:03  SCV  
  74  7:04  SCV  
  74  7:08  Barracks x2  
  76  7:13  Supply Depot  
  74  7:16  Marine  
  74  7:17  SCV  
  74  7:18  SCV  
  75  7:23  Orbital Command  
  75  7:26  Terran Infantry Weapons Level 1  
  75  7:28  Starport Reactor  
  76  7:30  SCV  
  76  7:34  Marine  
  76  7:36  Marine x2  
  79  7:39  SCV  
  79  7:42  SCV  
  81  7:45  Terran Infantry Armor Level 1  
  81  7:49  Orbital Command  
  81  7:50  Marine x2  
  81  7:51  Widow Mine x2  
  83  7:52  Marine  
  83  7:54  Marine x2  
  90  7:59  Armory  
  84  8:08  Marine  
  84  8:09  Marine  
  84  8:10  Marine  
  84  8:12  Barracks Reactor  
  87  8:13  Barracks Reactor  
  87  8:16  Combat Shields, Supply Depot, Marine x2  
  87  8:17  Supply Depot  
  87  8:18  Medivac  
  91  8:20  Medivac, Hellion x2  
  91  8:23  SCV x2  
  91  8:25  SCV  
  91  8:26  Marine  
  101  8:27  Missile Turret, Marine  
  101  8:28  Marine  
  103  8:34  Missile Turret  
  103  8:35  SCV x2  
  103  8:37  SCV  
  103  8:41  Marine x2  
  106  8:44  Widow Mine, Marine  
  106  8:45  Marine  
  106  8:46  Widow Mine, Marine  
  106  8:47  SCV x2  
  117  8:50  Marine  
  117  8:51  Marine x2  
  117  8:52  Marine  
  121  8:59  Supply Depot  
  121  9:00  Supply Depot  
  121  9:01  Marine x3  
  121  9:03  Marine  
  121  9:08  Missile Turret  
  122  9:13  Widow Mine  
  122  9:14  SCV x3  
  127  9:21  Marine  
  127  9:22  Marine x7  
  135  9:24  Marauder  
  135  9:26  Widow Mine  
  123  9:38  SCV x3  
  123  9:39  Marine x4  
  123  9:40  Marine  
  123  9:41  Widow Mine  
  123  9:42  Medivac x2  
  136  9:46  Marauder  
  136  9:47  Terran Infantry Armor Level 2  
  136  9:51  Terran Infantry Weapons Level 2  
  138  9:54  Widow Mine  
  138  9:57  Marine  
  117  10:01  Marine x2  
  117  10:02  Marine x3  
  117  10:05  Marine x2  
  113  10:10  Widow Mine  
  113  10:12  Medivac  
  117  10:18  Factory, Marauder  
  119  10:23  Widow Mine  
  119  10:24  Marine  
  119  10:25  Marine x6  
  119  10:26  Marine  
  129  10:38  Widow Mine  
  129  10:39  Marauder  
  129  10:42  Command Center, Marine x2  
  133  10:43  Marine x5  
  133  10:46  Concussive Shells  
  138  10:53  Widow Mine  
  140  11:01  Marine x5  
  140  11:02  Marauder, Marine x2  
  149  11:15  Widow Mine  
  149  11:16  Supply Depot  
  149  11:17  Supply Depot  
  140  11:20  Supply Depot  
  140  11:21  Marine x6  
  140  11:22  Marine  
  139  11:27  Factory Tech Lab  
  139  11:30  Barracks  
  139  11:35  Medivac x2  
  139  11:36  Barracks  
  139  11:38  Barracks  
  143  11:43  Marine  
  143  11:44  Marine x6  
  143  11:45  Marine  
  150  11:56  Thor  
  156  12:05  Medivac x2  
  156  12:06  Marine  
  156  12:07  Marine x2  
  163  12:19  Marine x6  
  163  12:20  Marine  
  169  12:24  Terran Infantry Weapons Level 3  
  169  12:32  Planetary Fortress  
  169  12:35  Medivac  
  161  12:52  Widow Mine x2, Marine x4  
  161  12:53  Marine x3  
  166  12:59  Barracks Tech Lab, Barracks Reactor x2, Drilling Claws  
  166  13:06  Marine  
  166  13:11  Marine  
  164  13:14  Marine  
  164  13:15  Marine  
  164  13:18  Marine x2  
  164  13:19  Marine x4  
  156  13:24  Marine  
  156  13:25  Widow Mine x2  
  159  13:30  Marine  
  159  13:32  Marine x2  
  159  13:33  Thor  
  140  13:36  Marine  
  140  13:38  Marauder x2  
  140  13:41  Terran Infantry Armor Level 3  
  137  13:51  Marine  
  137  13:54  Widow Mine x2  
  125  13:56  Marine  
  125  13:57  Marine x6  
  125  13:58  Marine x3  
  125  13:59  Marauder  
  133  14:03  Missile Turret  
  133  14:07  Medivac  
  135  14:10  Medivac  
  135  14:16  Widow Mine  
  137  14:17  Marine x5  
  137  14:19  Marine x2  
  137  14:21  Marine x2  
  137  14:22  Widow Mine, Marine  
  149  14:32  Marine  
  149  14:34  Marauder, Marine  
  149  14:35  Widow Mine  
  149  14:36  Marine x2  
  149  14:37  Marine x5  
  155  14:44  Widow Mine  
  157  14:51  Widow Mine  
  155  14:53  Marine  
  155  14:55  Marine x6  
  162  15:02  Marine x6  
  162  15:03  Marine  
  162  15:04  Widow Mine  
  169  15:13  Thor  
  167  15:14  Marine  
  167  15:15  Marine x4  
  167  15:18  Marine  
  167  15:20  Marauder  
  175  15:22  Marauder  
  175  15:23  Marine  
  175  15:28  Ghost Academy, Marine x2  
  165  15:30  Marine  
  165  15:31  Marine x2  
  165  15:32  Marine  
  165  15:33  Marine x2  
  167  15:38  Widow Mine x2  
  167  15:40  Marine  
  168  15:43  Medivac x2  
  168  15:45  Marine  
  168  15:47  Marine  
  156  15:50  Marine  
  156  15:51  Marine  
  156  15:59  Marine  
  156  16:00  Widow Mine  
  147  16:07  Widow Mine  
  147  16:09  Ghost  
  146  16:12  Widow Mine  
  146  16:13  Medivac x2  
  146  16:16  Barracks Tech Lab  
  146  16:18  Barracks Tech Lab  
  148  16:23  Ghost  
  150  16:29  Widow Mine  
  152  16:38  Ghost  
  144  16:40  Ghost x2  
  148  16:55  Ghost  
  150  17:04  Refinery x2  
  150  17:06  Ghost  
  152  17:09  Marine x6  
  158  17:35  Orbital Command  
  158  17:36  Widow Mine x2  
  157  17:42  Marine x7  
  157  17:43  Marine  
  165  17:47  Ghost  
  165  17:49  Widow Mine  
  169  18:02  Ghost  
  169  18:15  Ghost  
  171  18:29  Widow Mine x2  
  171  18:32  Refinery x2  
  175  18:38  Ghost  
  175  18:40  Marine x4  
  179  19:03  Marine  
  180  19:10  Marine, Starport Reactor  
  180  19:11  Marine  
  180  19:22  Marine  
  180  19:23  Ghost  
  180  19:24  Marine x2, Ghost  
  180  19:25  Marine  
  180  19:30  Ghost  
  172  19:48  Marine  
  154  19:58  Ghost x2  
  137  20:08  Marine  
  137  20:10  Orbital Command  
  98  20:18  Ghost  
  98  20:19  Marine  
  98  20:20  Marine x3  
  98  20:21  Marine x2  
  72  20:31  Marine  
  72  20:32  Marine x4  
  75  20:37  Marine x3  
  75  20:38  Marine x2  
  75  20:39  Marine  
  81  20:44  SCV x2  
  81  20:47  Marine  
  83  20:50  Marine x4  
  83  20:54  Marine  
  83  20:55  Marine x2  
  83  20:56  SCV x2  
  93  20:58  Marine  
  93  20:59  Marine x2  
Show
View Real Time Build Order
Export as new Build Order

Soulkey Zerg - Winner!

Build Orders: Hatch First, Muta Ling Bane 

Get SALT Encoding   

  12  0:00  Drone  
  13  0:13  Overlord  
  13  0:17  Drone  
  14  0:31  Drone x2  
  17  0:35  Drone  
  17  0:53  Hatchery  
  17  0:56  Drone  
  17  0:58  Drone  
  18  1:10  Extractor  
  17  1:14  Spawning Pool  
  17  1:17  Drone  
  17  1:22  Drone  
  18  1:30  Drone  
  19  1:39  Overlord  
  19  2:01  Queen  
  19  2:02  Zergling x4  
  19  2:04  Queen  
  19  2:05  Drone  
  26  2:10  Metabolic Boost  
  26  2:13  Zergling x2  
  27  2:16  Drone  
  28  2:27  Drone  
  28  2:28  Drone  
  30  2:38  Queen  
  30  2:40  Queen  
  34  2:44  Overlord  
  34  2:47  Overlord  
  34  2:54  Drone  
  34  2:55  Drone  
  36  3:00  Evolution Chamber  
  36  3:03  Drone x2  
  37  3:09  Drone x3  
  37  3:12  Drone  
  41  3:21  Zergling x8  
  44  3:31  Overlord  
  44  3:32  Zergling x4  
  46  3:46  Drone x2  
  48  3:51  Drone x2, Hatchery  
  48  3:54  Drone  
  48  3:55  Drone  
  51  4:02  Drone x2  
  53  4:04  Overlord  
  53  4:05  Overlord  
  53  4:12  Drone  
  53  4:13  Extractor  
  53  4:15  Zergling x2  
  54  4:17  Drone  
  54  4:21  Baneling Nest  
  51  4:24  Zergling x8  
  47  4:31  Zergling x6  
  47  4:34  Zergling x2  
  47  4:45  Drone x2  
  42  4:58  Drone x2  
  44  5:03  Drone x2  
  44  5:06  Spore Crawler  
  45  5:09  Drone  
  45  5:12  Drone  
  45  5:13  Drone  
  48  5:14  Drone  
  48  5:15  Drone x2  
  48  5:18  Drone x2  
  48  5:20  Baneling x2  
  53  5:23  Drone  
  53  5:24  Drone  
  53  5:28  Drone  
  52  5:30  Drone  
  49  5:35  Drone x2  
  49  5:40  Zerg Melee Weapons Level 1  
  51  5:45  Lair  
  50  5:51  Drone  
  50  5:52  Zergling x10  
  50  5:56  Zergling x4  
  58  6:00  Zergling x6  
  61  6:06  Drone  
  62  6:16  Drone  
  62  6:17  Drone x2  
  64  6:18  Drone  
  64  6:19  Drone  
  64  6:20  Evolution Chamber  
  63  6:29  Drone x6  
  69  6:34  Extractor  
  68  6:40  Drone  
  68  6:41  Drone x3  
  70  6:48  Zergling x2  
  70  6:52  Zerg Ground Armor Level 1  
  70  6:53  Spire  
  70  6:59  Zergling x4  
  70  7:00  Zergling x2  
  73  7:05  Drone x2, Extractor  
  73  7:07  Drone  
  74  7:09  Zergling x6  
  74  7:12  Overseer  
  74  7:15  Drone x4  
  75  7:16  Zergling x2  
  75  7:18  Extractor  
  75  7:19  Extractor  
  75  7:22  Zergling x8  
  79  7:24  Baneling x3  
  79  7:25  Baneling x2  
  79  7:29  Overlord x2  
  79  7:32  Pneumatized Carapace  
  79  7:33  Overlord  
  79  7:43  Drone x2  
  79  7:44  Overlord  
  81  7:50  Drone x2  
  82  7:55  Drone x7, Spore Crawler  
  82  7:58  Overlord  
  88  8:03  Zergling x6  
  88  8:13  Mutalisk  
  88  8:14  Mutalisk x4  
  97  8:22  Hatchery  
  97  8:26  Zergling x6  
  99  8:27  Zerg Melee Weapons Level 2  
  99  8:29  Drone  
  99  8:30  Drone x3  
  103  8:41  Mutalisk x3  
  103  8:43  Zergling x16  
  117  8:51  Zerg Ground Armor Level 2  
  117  8:52  Overlord  
  117  9:07  Baneling  
  117  9:08  Zergling x2, Baneling x9  
  117  9:09  Zergling x8  
  122  9:10  Overlord x2  
  122  9:11  Overseer  
  122  9:16  Baneling x3  
  122  9:23  Centrifical Hooks  
  122  9:25  Zergling x2  
  122  9:26  Zergling x14  
  129  9:37  Baneling  
  129  9:38  Zergling x10  
  127  9:41  Hatchery  
  127  9:43  Baneling x4  
  127  9:45  Zerg Flyer Weapons Level 1  
  125  9:54  Mutalisk  
  125  9:55  Mutalisk  
  125  9:59  Zergling x2  
  113  10:00  Hatchery, Zergling x14  
  113  10:04  Mutalisk x2  
  113  10:06  Baneling x2  
  114  10:07  Baneling  
  114  10:14  Zergling x14  
  121  10:26  Overseer, Mutalisk  
  121  10:27  Mutalisk  
  125  10:29  Baneling x3  
  125  10:33  Zergling x14  
  125  10:35  Baneling x3  
  132  10:41  Mutalisk  
  133  10:44  Zergling x14  
  133  10:49  Baneling  
  140  10:50  Baneling x5  
  140  10:53  Zergling x2  
  140  10:54  Zergling x4, Overlord  
  143  10:57  Baneling  
  143  10:58  Baneling x3  
  143  11:10  Overlord x2  
  135  11:21  Baneling x4  
  131  11:28  Drone x4  
  131  11:29  Mutalisk x4  
  131  11:31  Zergling x8  
  131  11:32  Zergling x8  
  151  11:34  Baneling, Extractor  
  151  11:35  Baneling x3  
  150  11:40  Baneling x2  
  150  11:49  Zergling x16  
  150  11:50  Infestation Pit  
  157  12:01  Zerg Flyer Armor Level 1  
  157  12:03  Drone x4  
  157  12:05  Zergling x10  
  157  12:06  Extractor  
  165  12:09  Overlord  
  165  12:10  Overseer  
  165  12:12  Zergling x4  
  166  12:27  Hive  
  166  12:31  Burrow  
  166  12:32  Zergling x2  
  166  12:33  Zergling x14  
  172  12:42  Zergling x4  
  174  12:44  Overlord  
  153  13:02  Baneling x8  
  153  13:03  Zergling x36, Baneling  
  153  13:04  Zergling x2  
  159  13:24  Mutalisk x4  
  156  13:37  Queen  
  156  13:41  Adrenal Glands  
  156  13:44  Ultralisk Cavern  
  156  13:46  Zergling x28  
  151  13:57  Mutalisk  
  151  13:58  Mutalisk  
  151  14:00  Drone x4  
  158  14:13  Zerg Ground Armor Level 3  
  158  14:18  Zergling x16, Hatchery  
  158  14:19  Baneling  
  158  14:21  Baneling x11  
  164  14:38  Baneling x9  
  152  14:39  Zergling x10, Baneling x2  
  152  14:40  Chitinous Plating  
  152  14:43  Ultralisk  
  161  14:59  Ultralisk x2  
  173  15:07  Overlord x3  
  173  15:13  Baneling x3  
  173  15:14  Zergling x6, Baneling x2  
  172  15:16  Baneling x6  
  172  15:17  Baneling x2  
  175  15:28  Ultralisk  
  159  15:46  Ultralisk x2  
  159  15:48  Zergling x6  
  165  15:55  Zergling x4  
  151  16:06  Zergling x8, Ultralisk  
  158  16:29  Hatchery  
  158  16:31  Ultralisk  
  158  16:32  Zergling x2  
  162  16:33  Infestor  
  162  16:37  Hatchery, Mutalisk  
  163  16:52  Ultralisk  
  169  17:12  Infestor x3  
  169  17:13  Zergling x8  
  178  17:39  Zergling x8  
  178  17:40  Zergling x6  
  185  17:53  Zergling x4, Ultralisk x2  
  185  17:58  Pathogen Glands  
  196  18:20  Zergling x6  
  196  18:22  Baneling x9  
  199  18:27  Spine Crawler  
  199  18:30  Hatchery  
  199  18:32  Spine Crawler  
  196  18:40  Hatchery  
  195  18:54  Ultralisk x2  
  189  19:01  Zergling x2  
  189  19:02  Zergling x10  
  183  19:03  Zergling x2  
  183  19:04  Zergling x8  
  183  19:06  Zergling x16  
  183  19:08  Infestor  
  198  19:18  Baneling  
  198  19:19  Baneling x9  
  198  19:24  Baneling  
  198  19:25  Baneling x9  
  198  19:31  Baneling x5  
  194  19:41  Baneling  
  194  19:42  Baneling x8  
  194  19:43  Ultralisk  
  194  19:44  Zergling x4  
  170  19:53  Zergling x10  
  170  19:57  Zergling x4  
  160  20:08  Zergling x2  
  160  20:09  Zergling x10  
  160  20:13  Baneling x2  
  148  20:22  Zergling x2  
  148  20:23  Zergling x10  
  147  20:31  Overseer  
  141  20:37  Ultralisk  
  153  20:58  Zergling x12  

Tags
 
Add a new tag
Caveats
  • Supply blocks, unpowered buildings, or Contaminate may cause inaccurate times.
  • Supply counts are checked every 10 seconds.